 Dungeon Crawl Stone Soup version 0.28-a0-43-g560ac104fe (webtiles) character file.

Game seed: 7909166810798269284

6473 gruber the Frost Mage (level 10, 0/83 HPs)
             Began as a Grey Draconian Ice Elementalist on July 28, 2021.
             Was a Priest of Vehumet.
             Slain by a two-headed ogre (7 damage)
             ... on level 9 of the Dungeon.
             The game lasted 00:18:54 (14189 turns).

gruber the Frost Mage (DrIE)                       Turns: 14189, Time: 00:18:55

Health: 0/83       AC: 20    Str: 10    XL:     10   Next: 68%
Magic:  17/21      EV: 12    Int: 19    God:    Vehumet [***...]
Gold:   486        SH:  0    Dex: 12    Spells: 14/23 levels left

rFire   . . .      SeeInvis .   E - +7 great mace "Undeadhunter" {disrupt, rN+}
rCold   . . .      Faith    .   (shield currently unavailable)
rNeg    + . .      Spirit   .   (armour unavailable)
rPois   .          Reflect  .   (helmet restricted)
rElec   .          Harm     .   (no cloak)
rCorr   .          Rampage  .   (no gloves)
Will    .....                   (no boots)
Stlth   ++........              (no amulet)
HPRegen 0.23/turn               (no ring)
MPRegen 0.17/turn               (no ring)

@: ice-armoured, freezing walls
A: AC +12, amphibious, unfitting armour, cold-blooded
a: Renounce Religion


You were on level 9 of the Dungeon.
You worshipped Vehumet.
Vehumet was most pleased with you.
You visited 2 branches of the dungeon, and saw 10 of its levels.

You collected 486 gold pieces.

Inventory:

Hand Weapons
 b - a +2 whip of venom
 o - a +2 vampiric short sword
 w - a +2 hand axe of flaming
 A - a +3 scimitar of freezing
 C - the +3 dagger "Xasekkoss" {holy, *Noise Fly Str+8 Int+4}
   (You found it on level 8 of the Dungeon)

   It has been blessed by the Shining One to cause great damage to the undead
   and demons.
   Str:       It affects your strength (+8).
   Int:       It affects your intelligence (+4).
   Fly:       It grants you flight.
   *Noise:    It may make noises in combat.
 D - a +6 scimitar
 E - the +7 great mace "Undeadhunter" (weapon) {disrupt, rN+}
   (You took it off a gnoll on level 7 of the Dungeon)

   It inflicts significantly more damage against the undead.
   rN:        It protects you from negative energy.
Missiles
 h - a throwing net
Jewellery
 y - a +4 ring of evasion
Wands
 r - a wand of digging (11)
 v - a wand of paralysis (7)
 F - a wand of iceblast (8)
Scrolls
 a - 2 scrolls of immolation {unknown}
 d - 6 scrolls of teleportation {unknown}
 i - 3 scrolls of identify {unknown}
 j - 3 scrolls of fog {unknown}
 l - a scroll of enchant armour {unknown}
 m - 2 scrolls of blinking {unknown}
 p - 3 scrolls of noise {unknown}
 t - a scroll of torment {unknown}
 H - a scroll of fear {unknown}
Potions
 c - 2 potions of heal wounds {unknown}
 e - a potion of cancellation {unknown}
 f - a potion of resistance {unknown}
 g - 5 potions of curing {unknown}
 k - 3 potions of might {unknown}
 n - 2 potions of lignification
 q - 3 potions of brilliance {unknown}
 s - a potion of degeneration {unknown}
 u - a potion of ambrosia {unknown}
 x - a potion of invisibility {unknown}
 z - a potion of mutation {unknown}
 B - a potion of flight {unknown}
 G - a potion of haste {unknown}


   Skills:
 - Level 5.8 Fighting
 - Level 0.8(3.7) Short Blades
 - Level 5.8(5.9) Long Blades
 * Level 8.5 Maces & Flails
 - Level 1.7 Dodging
 - Level 1.7 Stealth
 - Level 7.4 Spellcasting
 - Level 9.0 Ice Magic
 - Level 0.1 Evocations


You had 14 spell levels left.
You knew the following spells:

 Your Spells              Type           Power      Damage    Failure   Level
a - Freeze                Ice            100%       1d11      1%          1
b - Frozen Ramparts       Ice            82%        1d10      1%          3
c - Ozocubu's Armour      Ice            41%        N/A       1%          3
d - Searing Ray           Conj           14%        3d3       4%          2

Your spell library contained the following spells:

 Spells                   Type           Power      Damage    Failure   Level
 Static Discharge         Conj/Air       7%         N/A       4%          2
 Magic Dart               Conj           28%        1d4       2%          1
 Ensorcelled Hibernation  Hex/Ice        48%        N/A       2%          2
 Hailstorm                Conj/Ice       24%        3d7       4%          4
 Mephitic Cloud           Conj/Pois/Air  7%         N/A       8%          3
 Corona                   Hex            7%         N/A       10%         1
 Pain                     Necr           28%        1d5       10%         1
 Call Imp                 Summ           7%         N/A       14%         2
 Tukima's Dance           Hex            7%         N/A       28%         3
 Agony                    Necr           7%         N/A       95%         5
 Excruciating Wounds      Necr           3%         N/A       95%         5


Dungeon Overview and Level Annotations

Branches:
Dungeon (9/15)             Temple (1/1) D:4
   Lair: D:8-11         Orc: D:9-12

Altars:
Ashenzari
Cheibriados
Dithmenos
Elyvilon
Fedhas
Gozag
Hepliaklqana
Kikubaaqudgha
Makhleb
Okawaru
Qazlal
Ru
Sif Muna
Trog
Uskayaw
Vehumet
Wu Jian
Xom
Yredelemnul
Zin
The Shining One

Shops:
D:4 **

Annotations:
D:9 exclusion: obsidian statue


Innate Abilities, Weirdness & Mutations

Your dull iron-grey scales are very hard. (AC +12)
You are amphibious.
You cannot fit into any form of body armour.
You are cold-blooded and may be slowed by cold attacks.


Message History

Unknown command.
The wall freezes the two-headed ogre!
You barely miss the two-headed ogre.
The two-headed ogre is lightly wounded.
The wall freezes the two-headed ogre.
The two-headed ogre barely misses you. The two-headed ogre closely misses you.
Unknown command.
Unknown command.
You barely miss the two-headed ogre. You tail-slap the two-headed ogre.
The two-headed ogre is lightly wounded.
The wall freezes the two-headed ogre!
The two-headed ogre hits you with a +0 giant club.
The two-headed ogre barely misses you.
Unknown command.
Unknown command.
You barely miss the two-headed ogre.
The two-headed ogre is moderately wounded.
The frozen ramparts melt away.
The two-headed ogre hits you with a +0 giant club! x2
* * * LOW HITPOINT WARNING * * *
Unknown command.
Unknown command.
Unknown command.
Casting: Frozen Ramparts (safe; 1% risk of failure)
Confirm with . or Enter, or press ? or * to list all spells.
Casting: Frozen Ramparts (safe; 1% risk of failure)
Press: ? - help, Dir - look around, f - activate The walls around you are covered in ice.
The wall freezes the two-headed ogre!
The two-headed ogre closely misses you.
The two-headed ogre hits you but does no damage.
Unknown command.
Unknown command.
Unknown command.
You sock the two-headed ogre!
The two-headed ogre is severely wounded.
The wall freezes the two-headed ogre.
The two-headed ogre hits you with a +0 giant club!
* * * LOW HITPOINT WARNING * * *
The two-headed ogre hits you with a +0 giant club!
You die...

#.# #.###.##
#.# #.# #
#.###.###.##
#.# #.######
#..........#
#.# #.......
#....≈≈≈...#
#.# ########
#.(.##≈##..#
#.# #..≈#=?
#≈.# #.#
#..§≈!8$§≈.#
#.# .≈#}!:#§..
#.#
..##≈##...##@#
.≈≈ ....##O#
... .......)#
.# ##..##.##
#..###. #. ..
.. #..


You could see a two-headed ogre.

Vanquished Creatures
  A centaur warrior (D:9)
  Psyche (D:8)
  A gargoyle (D:7)
  A kobold demonologist (D:9)
  A wraith (D:9)
  Menkaure (D:7)
  An acid dragon (D:9)
  Duvessa (D:5)
  A floating eye (shapeshifter) (D:9)
  A hornet zombie (D:6)
  An ice beast (D:5)
  4 orc warriors
  A necrophage (D:6)
  3 ogres
  5 centaurs
  3 kobold brigands
  A bullfrog (D:8)
  3 wyvern zombies (D:6)
  Dowan (D:5)
  2 scorpions
  2 wyvern skeletons
  3 water moccasin zombies (D:6)
  10 killer bees
  2 water moccasin skeletons
  12 wights
  2 howler monkeys (D:6)
  2 electric eels (D:6)
  3 centaur zombies
  4 bullfrog zombies (D:6)
  4 orc priests
  A gnoll shaman (D:6)
  5 centaur skeletons
  A bullfrog skeleton (D:6)
  6 iguanas
  Ijyb (D:3)
  3 orc wizards
  A killer bee zombie (D:6)
  A hound skeleton (D:5)
  A howler monkey zombie (D:6)
  7 adders
  6 gnolls
  A white imp (D:6)
  2 ufetubi
  A dart slug (D:4)
  23 orcs
  7 endoplasms
  5 giant cockroaches
  6 goblins
  5 hobgoblins
  9 jackals
  3 quokkas
  6 ball pythons
  7 bats
  A frilled lizard (D:2)
  9 kobolds
  A rat (D:2)
197 creatures vanquished.

Vanquished Creatures (others)
  12 withered plants (D:6)
12 creatures vanquished.

Grand Total: 209 creatures vanquished

Notes
Turn   | Place    | Note
-------+----------+-------------------------------------------
     0 | D:1      | gruber the Draconian Ice Elementalist began the quest for
                  | the Orb.
     0 | D:1      | Reached XP level 1. HP: 14/14 MP: 3/3
   328 | D:1      | Reached XP level 2. HP: 16/20 MP: 1/5
  1167 | D:2      | Found a glowing golden altar of the Shining One.
  1465 | D:2      | Reached XP level 3. HP: 21/26 MP: 6/6
  2021 | D:2      | Reached skill level 5 in Ice Magic
  2308 | D:3      | Reached XP level 4. HP: 29/33 MP: 8/8
  2317 | D:3      | Learned a level 3 spell: Frozen Ramparts
  2321 | D:3      | Learned a level 3 spell: Ozocubu's Armour
  2435 | D:3      | Found a faded altar of an unknown god.
  2449 | D:3      | Reached skill level 1 in Maces & Flails
  2650 | D:3      | Found a shimmering altar of Xom.
  2651 | D:3      | Found a shimmering altar of Xom.
  2652 | D:3      | Found a shimmering altar of Xom.
  2951 | D:3      | Noticed Ijyb
  2955 | D:3      | Killed Ijyb
  2960 | D:3      | Reached XP level 5. HP: 7/38 MP: 0/9
  3501 | D:4      | Found Poinaa's Specific Store.
  3549 | D:4      | Found Feod's General Store.
  3594 | D:4      | Noticed an ogre
  3603 | D:4      | Killed an ogre
  3786 | D:4      | Reached XP level 6. HP: 32/45 MP: 11/11
  3887 | D:4      | Found a staircase to the Ecumenical Temple.
  4006 | Temple   | Entered the Ecumenical Temple
  4059 | Temple   | Became a worshipper of Vehumet
  4618 | D:4      | Found a burning altar of Makhleb.
  4678 | D:5      | Entered Level 5 of the Dungeon
  4690 | D:5      | Reached skill level 6 in Ice Magic
  4972 | D:5      | Your scales start taking on a dull iron-grey colour.
  4972 | D:5      | Reached XP level 7. HP: 8/50 MP: 2/14
  5537 | D:5      | Noticed Duvessa
  5537 | D:5      | Noticed Dowan
  5552 | D:5      | Killed Duvessa
  5553 | D:5      | Reached skill level 5 in Spellcasting
  5569 | D:5      | Killed Dowan
  5774 | D:5      | Reached skill level 7 in Ice Magic
  6075 | D:6      | Reached XP level 8. HP: 14/57 MP: 6/16
  6353 | D:6      | HP: 3/85 [bullfrog zombie (3)]
  6362 | D:6      | HP: 4/85 [bullfrog zombie (1)]
  6688 | D:6      | Reached skill level 8 in Ice Magic
  6696 | D:6      | Reached * piety under Vehumet
  6696 | D:6      | Offered knowledge of Foxfire by Vehumet.
  7637 | D:6      | Found a hide-covered altar of Uskayaw.
  7914 | D:6      | Reached skill level 9 in Ice Magic
  8086 | D:6      | Reached XP level 9. HP: 55/63 MP: 15/20
  8177 | D:6      | Reached skill level 1 in Fighting
  8913 | D:6      | Reached skill level 5 in Fighting
  9686 | D:7      | Found a stormy altar of Qazlal.
  9786 | D:7      | Reached skill level 1 in Long Blades
  9930 | D:7      | Noticed a gargoyle
 10530 | D:8      | Found an ancient bone altar of Kikubaaqudgha.
 10758 | D:8      | Offered knowledge of Searing Ray by Vehumet.
 10832 | D:8      | Found a shimmering blue altar of Sif Muna.
 10873 | D:8      | Identified the +3 dagger "Xasekkoss" {holy, *Noise Fly
                  | Str+8 Int+4}
 10943 | D:8      | Noticed Psyche
 11093 | D:7      | Reached ** piety under Vehumet
 11359 | D:6      | Learned a level 2 spell: Searing Ray
 11498 | D:7      | Killed a gargoyle
 11499 | D:7      | Reached skill level 5 in Long Blades
 11636 | D:7      | Noticed Menkaure
 11642 | D:7      | Killed Menkaure
 12016 | D:7      | Found a broken altar of Ashenzari.
 12033 | D:7      | Reached XP level 10. HP: 83/83 MP: 21/21
 12725 | D:8      | Killed Psyche
 12979 | D:9      | Reached skill level 5 in Maces & Flails
 13308 | D:9      | Noticed a two-headed ogre
 13336 | D:9      | Noticed a centaur warrior
 13601 | D:9      | Noticed an obsidian statue
 13665 | D:9      | Offered knowledge of Static Discharge by Vehumet.
 13816 | D:9      | Found a sacrificial altar of Ru.
 13866 | D:9      | Killed a centaur warrior
 14171 | D:9      | Noticed a two-headed ogre
 14171 | D:9      | Paralysed by a floating eye for 3 turns
 14175 | D:9      | Noticed a soul eater
 14175 | D:9      | Paralysed by a floating eye for 4 turns
 14178 | D:9      | Reached *** piety under Vehumet
 14189 | D:9      | Slain by a two-headed ogre

Illustrated notes

Levels and vault maps discovered:
D:1:      mainiacjoe_arrival_reflecting_pool, layout_basic
D:2:      layout_loops_cross, basic_altar, grunt_ministairs_9,
          lightli_corner_chamber
D:3:      layout_basic, xom_redecorated,
          shapermc_ecumenical_altar_starsandcircs, uniq_ijyb
D:4:      layout_loops_ring, kennysheep_mini, minmay_temple_entry_purple_smoke,
          nicolae_specific_store
D:5:      layout_gridville, uniq_duvessa
D:6:      layout_rooms, amcnicky_altar_gilded, serial_undead, serial_undead_c,
          serial_undead_f, serial_undead_b, serial_undead_f, serial_undead_c,
          serial_undead_e, serial_undead_f, serial_undead_c,
          chequers_ossuary_entry_cave, nrook_loot_triangle
D:7:      layout_basic, mainiacjoe_overflow_brackets, kennysheep_little_box,
          uniq_menkaure
D:8:      layout_loops_ring, nicolae_overflow_crystal_walls,
          mainiacjoe_overflow_boulevard, serial_rivers,
          chequers_serial_rivers_room_a, chequers_serial_rivers_marsh,
          chequers_serial_rivers_large_b, chequers_serial_rivers_room_a,
          chequers_serial_rivers_micro_d, chequers_serial_rivers_small_3,
          uniq_psyche
D:9:      layout_loops_ring, mainiacjoe_overflow_alcove_1, minivault_15,
          corexii_corridor_pit, minmay_pinched_square
Temple:   eino_temple_water

Skill      XL: |  1  2  3  4  5  6  7  8  9 10 |
---------------+-------------------------------+-----
Ice Magic      | 5 6 7 9 |  9.0
Maces & Flails | 1 2 3 8 |  8.5
Spellcasting   | 3 4 5 7 |  7.4
Fighting       | 5 |  5.8
Long Blades    | 5 |  5.8
Short Blades   | |  0.8
Dodging        | |  1.7
Stealth        | |  1.7
Evocations     | |  0.1

Action                   |  1- 3 |  4- 6 |  7- 9 | 10-12 || total
-------------------------+-------+-------+-------+-------++-------
Melee: Unarmed           |     3 |       |       |       ||     3
       Whip              |    76 |    78 |   238 |       ||   392
       Tailslap          |     7 |     7 |    37 |     4 ||    55
       Hand axe          |       |       |     9 |       ||     9
       Short sword       |       |       |    64 |       ||    64
       Scimitar          |       |       |    41 |       ||    41
       Dagger            |       |       |    18 |       ||    18
       Great mace        |       |       |     3 |    76 ||    79
 Cast: Freeze            |    20 |    21 |    26 |       ||    67
       Frozen Ramparts   |       |     8 |    46 |    12 ||    66
       Ozocubu's Armour  |       |     3 |    27 |     5 ||    35
       Searing Ray       |       |       |       |     1 ||     1
Evoke: Wand              |       |       |     4 |     2 ||     6
  Use: Potion            |       |       |     1 |       ||     1
 Stab: Sleeping          |       |     1 |     1 |       ||     2
       Paralysed         |       |       |     2 |       ||     2
Armor: Skin              |    35 |    34 |   253 |    81 ||   403
Dodge: Dodged            |    72 |    80 |   277 |    70 ||   499
       Rpst.: Scimitar   |       |       |     8 |       ||     8

Table legend: (Time is in decaauts)
 A = Elapsed time spent in this place.
 B = Non-inter-level travel time spent in this place.
 C = Inter-level travel time spent in this place.
 D = Time resting spent in this place.
 E = Time spent auto-exploring this place.
 F = Levels seen in this place.
 G = Mean time per level.
                   A        B        C        D        E       F      G
               +--------+--------+--------+--------+--------+-----+--------+
         Total |  14262 |  13623 |    639 |   2299 |   9361 |  10 | 1426.2 |
       Dungeon |  14198 |  13569 |    629 |   2299 |   9318 |   9 | 1577.6 |
        Temple |     63 |     53 |     10 |      0 |     43 |   1 |   63.0 |
               +--------+--------+--------+--------+--------+-----+--------+

Top non-repeatable levels by time:
     D:6: 2848 daAuts
     D:5: 2219 daAuts
     D:7: 1692 daAuts
     D:8: 1596 daAuts
     D:3: 1244 daAuts
     D:9: 1216 daAuts
     D:1: 1158 daAuts
     D:4: 1116 daAuts
     D:2: 1107 daAuts
  Temple: 63 daAuts
